 Dungeon Sprint DCSS version 0.31-a0-1388-g4b2ba238e7 (webtiles) character file.

Game seed: 10178221688474796104

15700000 MisterAzrael the Axe Maniac (level 27, -6/228 HPs)
             Began as a Djinni Warper on Dec 25, 2023.
             Was the Champion of Makhleb.
             Mangled by a destroyer
             ... wielding a +9 heavy great sword
              (234 damage)
             ... in the Dungeon (Sprint VIII: "Arena of Blood").
             The game lasted 00:06:21 (157 turns).

MisterAzrael the Axe Maniac (Djinni Warper)          Turns: 157, Time: 00:06:21

Health: -6/228     AC:  6    Str: 10    XL:     27
Gold:   0          EV: 26    Int: 27    God:    Makhleb [******] SH:  0 Dex: 15

rFire   + + .        i - +∞ Axe of Woe
rCold   x . .        (shield currently unavailable)
rNeg    . . .        b - +0 leather armour
rPois   ∞            (no helmet)
rElec   .            (no cloak)
rCorr   .            (no gloves)
SInv    +            (boots unavailable)
Will    ++...        (no amulet)
Stlth   +++          j - ring of see invisible
HPRegen 0.58/turn    (no ring)
MPRegen 0.00/turn

%: no teleportation, infuse magic (-7 HP)
@: flying, slowed, very slow
A: sickness immunity, fire resistance 2, cold vulnerability 1, float, innate
caster, HP casting, extra vitality 1
0: Orb of Zot
a: Renounce Religion, Minor Destruction, Lesser Servant of Makhleb, Major
Destruction, Greater Servant of Makhleb


You were in the Dungeon.
You worshipped Makhleb.
Makhleb was exalted by your worship.
You visited 1 branch

Inventory:

Hand Weapons
 a - a +0 hand axe
 i - the +∞ Axe of Woe (weapon)
   (You found it in the Dungeon)
Missiles
 d - 7 darts of dispersal
Armour
 b - a +0 leather armour (worn)
Jewellery
 j - a ring of see invisible (left hand)
 k - a +30 ring of slaying
Scrolls
 c - 2 scrolls of blinking
Potions
 e - a potion of curing
 f - a potion of heal wounds
 g - a potion of haste
 h - a potion of berserk rage


   Skills:
 O Level 27 Fighting
 O Level 27 Short Blades
 O Level 27 Long Blades
 O Level 27 Axes
 O Level 27 Maces & Flails
 O Level 27 Polearms
 O Level 27 Staves
 O Level 27 Ranged Weapons
 O Level 27 Throwing
 O Level 27 Armour
 O Level 27 Dodging
 O Level 27 Stealth
 O Level 27 Shields
 O Level 27 Unarmed Combat
 O Level 27 Spellcasting
 O Level 27 Conjurations
 O Level 27 Hexes
 O Level 27 Summonings
 O Level 27 Necromancy
 O Level 27 Translocations
 O Level 27 Fire Magic
 O Level 27 Ice Magic
 O Level 27 Air Magic
 O Level 27 Earth Magic
 O Level 27 Alchemy
 O Level 27 Invocations
 O Level 27 Evocations
 O Level 27 Shapeshifting


You knew the following spells:

 Your Spells              Type           Power      Damage    Failure   Level
a - Blink                 Tloc           100%       N/A       0%          2
b - Lesser Beckoning      Tloc           100%       N/A       0%          2
c - Teleport Other        Tloc           100%       N/A       0%          3
d - Manifold Assault      Tloc           100%       N/A       0%          4
e - Vhi's Electric Charg  Tloc/Air       100%       N/A       0%          4
f - Apportation           Tloc           100%       N/A       0%          1
g - Mercury Vapours       Alch/Air       100%       N/A       0%          2
h - Static Discharge      Conj/Air       100%       3-8/arc   0%          2
i - Leda's Liquefaction   Alch/Erth      55%        N/A       0%          4
j - Summon Forest         Summ/Tloc      55%        N/A       0%          5
k - Summon Mana Viper     Hex/Summ       100%       N/A       0%          5
l - Dispersal             Tloc           55%        N/A       0%          6
m - Eringya's Noxious Bo  Alch           55%        4d6       0%          6
n - Simulacrum            Ice/Necr       55%        N/A       0%          6
o - Malign Gateway        Summ/Tloc      55%        N/A       0%          7
p - Lehudib's Crystal Sp  Conj/Erth      55%        10d13     1%          8
q - Polar Vortex          Ice            55%        12d7*     1%          9
r - Shatter               Erth           55%        3d41*     1%          9
Your spell library was empty.

Dungeon Overview and Level Annotations

Branches:
Dungeon (1/1)

Altars:
Makhleb


Innate Abilities, Weirdness & Mutations

You are immune to sickness and miasma.
You are immune to poison.
Your flesh is very heat resistant. (rF++)
You are vulnerable to cold. (rC-)
You float through the air rather than walking.
You learn spells naturally, not from books.
Your magical power is your life essence.
You have superior vitality. (+4 MHP)


Message History

The accursed casts a spell at you. Something smites you!
A destroyer comes into view. It is wielding a +9 heavy great sword.
The destroyer shouts!
The observer gazes at you. Something smites you!
A wretched soul comes into view.
A sculptor of flesh comes into view. It is wielding a +9 great sword.
The fleshlord mumbles some strange words.
The fleshlord seems to speed up.
The destroyer is engulfed in blazing flames.
The destroyer points at you and mumbles some strange words.
The destroyer blinks!
A bag of meat comes into view. It is wielding a +9 war axe.
Casting: Manifold Assault (safe; 0% risk of failure)
Press: ? - help, Q - select action, (/) - cycle Dir - look around, f - activate Space momentarily warps into an impossible shape!
You hit the meat berserker but do no damage.
You butcher the meat berserker messily.
You kill the meat berserker!
Makhleb accepts your kill.
You feel better.
You slash the wretched soul!
You cleave the wretched soul in twain.
You destroy the wretched soul!
Makhleb accepts your kill.
You hit the sculptor of flesh.
You hew the sculptor of flesh violently.
You destroy the sculptor of flesh!
Makhleb accepts your kill.
You hit the wretched soul.
You cleave the wretched soul in twain.
You destroy the wretched soul!
Makhleb accepts your kill.
A meat berserker comes into view. It is wielding a +9 battleaxe.
The fleshlord casts a spell at you.
You feel yourself slow down.
A meat beast comes into view.
The destroyer hits you with a +9 heavy great sword!!!!!
Ouch! That really hurt!
You die...

...☼))#))..)#§§§.
2#o).).)O)_...))).
p.)...)§§###).)☼§.
..=†###○)☼).))###..
.))OG.#§)§)M).#...)
..))).#.).).).#)...
...).)..V)...)))..)
#.).))).).).))))).#
.†).)))@V..))).))#.
#.).)))).)○))))##).
)....#..°○○)))#))..
.....).)°☼°.))#.).#
.)).##.#○°°)).)....
..†).....)☼)))...))
####....#))○))####.
.)........○...#.
......))....)....


You could see an accursed, a meat beast (fast), 2 destroyers, an observer (fast,
invisible), a fleshlord (fast), 2 meat berserkers and a bag of meat.

Vanquished Creatures
  Dispater (D)
  9 hell knights (D)
  11 hell beasts (D)
  7 royal mummies (D)
  16 great orbs of eyes (D)
  13 wraiths (D)
  Harold (D)
  21 vampire knights (D)
  51 ogres (D)
  14 two-headed ogres (D)
  11 liches (D)
  7 hydras (D)
  13 phantoms (D)
  121 orcs (D)
  10 skeletal warriors (D)
  9 sea snakes (D)
315 creatures vanquished.

Notes
Turn   | Place    | Note
-------+----------+-------------------------------------------
     0 | D        | Found the +∞ Axe of Woe
     0 | D        | MisterAzrael the Djinni Warper began the quest for the Orb.
     0 | D        | MisterAzrael set off with the following spells memorised:
                  | Blink, Lesser Beckoning, Teleport Other, Manifold Assault,
                  | Vhi's Electric Charge.
     0 | D        | Reached XP level 1. HP: 18/18 MP: 0/0
     1 | D        | Noticed a bag of meat
     3 | D        | Became a worshipper of Makhleb the Destroyer
     3 | D        | Noticed a meat berserker
     4 | D        | Noticed a bag of meat
     5 | D        | Noticed a bag of meat
     5 | D        | Noticed a meat berserker
     6 | D        | Killed a bag of meat
     6 | D        | Noticed a bag of meat
     6 | D        | Noticed a bag of meat
     7 | D        | Reached XP level 2. HP: 23/23 MP: 0/0
     7 | D        | Reached XP level 3. HP: 28/28 MP: 0/0
     7 | D        | Learned a level 1 spell: Apportation
     7 | D        | Reached XP level 4. HP: 33/33 MP: 0/0
     7 | D        | Reached XP level 5. HP: 38/38 MP: 0/0
     7 | D        | Learned a level 2 spell: Mercury Vapours
     7 | D        | Reached XP level 6. HP: 43/43 MP: 0/0
     7 | D        | Reached XP level 7. HP: 49/49 MP: 0/0
     7 | D        | Learned a level 2 spell: Static Discharge
     7 | D        | Reached XP level 8. HP: 54/54 MP: 0/0
     7 | D        | Reached XP level 9. HP: 58/58 MP: 0/0
     7 | D        | Learned a level 4 spell: Leda's Liquefaction
     7 | D        | Reached XP level 10. HP: 64/64 MP: 0/0
     7 | D        | Reached XP level 11. HP: 68/68 MP: 0/0
     7 | D        | Learned a level 5 spell: Summon Forest
     7 | D        | Killed a meat berserker
     7 | D        | Reached * piety under Makhleb
     8 | D        | Reached XP level 12. HP: 74/74 MP: 0/0
     8 | D        | Reached XP level 13. HP: 78/78 MP: 0/0
     8 | D        | Learned a level 5 spell: Summon Mana Viper
     8 | D        | Killed a bag of meat
     8 | D        | Noticed a meat berserker
     8 | D        | Noticed a meat berserker
     9 | D        | Killed a meat berserker
     9 | D        | Noticed a bag of meat
     9 | D        | Noticed a bag of meat
    10 | D        | Reached skill level 15 in Spellcasting
    10 | D        | Reached skill level 15 in Conjurations
    10 | D        | Reached skill level 15 in Hexes
    10 | D        | Reached skill level 15 in Summonings
    10 | D        | Reached skill level 15 in Necromancy
    10 | D        | Reached skill level 15 in Translocations
    10 | D        | Reached skill level 15 in Fire Magic
    10 | D        | Reached skill level 15 in Ice Magic
    10 | D        | Reached skill level 15 in Air Magic
    10 | D        | Reached skill level 15 in Earth Magic
    10 | D        | Reached skill level 15 in Alchemy
    10 | D        | Reached XP level 14. HP: 85/85 MP: 0/0
    10 | D        | Killed a bag of meat
    10 | D        | Reached ** piety under Makhleb
    10 | D        | Killed a bag of meat
    10 | D        | Killed a bag of meat
    10 | D        | Killed a bag of meat
    10 | D        | Reached *** piety under Makhleb
    10 | D        | Noticed a bag of meat
    11 | D        | Reached skill level 27 in Axes
    11 | D        | Reached XP level 15. HP: 89/89 MP: 0/0
    11 | D        | Learned a level 6 spell: Dispersal
    11 | D        | Killed a meat berserker
    11 | D        | Noticed a meat berserker
    12 | D        | Reached XP level 16. HP: 94/94 MP: 0/0
    12 | D        | Noticed a meat berserker
    12 | D        | Noticed a meat berserker
    13 | D        | Reached **** piety under Makhleb
    13 | D        | Killed a meat berserker
    13 | D        | Killed a meat berserker
    14 | D        | Reached skill level 27 in Spellcasting
    14 | D        | Reached skill level 27 in Conjurations
    14 | D        | Reached skill level 27 in Hexes
    14 | D        | Reached skill level 27 in Summonings
    14 | D        | Reached skill level 27 in Necromancy
    14 | D        | Reached skill level 27 in Translocations
    14 | D        | Reached skill level 27 in Fire Magic
    14 | D        | Reached skill level 27 in Ice Magic
    14 | D        | Reached skill level 27 in Air Magic
    14 | D        | Reached skill level 27 in Earth Magic
    14 | D        | Reached skill level 27 in Alchemy
    14 | D        | Reached XP level 17. HP: 99/99 MP: 0/0
    14 | D        | Learned a level 6 spell: Eringya's Noxious Bog
    14 | D        | Reached ***** piety under Makhleb
    14 | D        | Killed a meat berserker
    14 | D        | Noticed a meat berserker
    14 | D        | Noticed a meat berserker
    15 | D        | Reached XP level 18. HP: 104/104 MP: 0/0
    15 | D        | Killed a meat berserker
    15 | D        | Killed a meat berserker
    15 | D        | Reached ****** piety under Makhleb
    15 | D        | Noticed a meat berserker
    16 | D        | Reached skill level 10 in Maces & Flails
    16 | D        | Reached skill level 10 in Polearms
    16 | D        | Reached skill level 10 in Ranged Weapons
    16 | D        | Reached skill level 10 in Shapeshifting
    16 | D        | Reached XP level 19. HP: 109/109 MP: 0/0
    16 | D        | Learned a level 6 spell: Simulacrum
    16 | D        | Killed a meat berserker
    16 | D        | Killed a meat berserker
    16 | D        | Noticed a meat berserker
    17 | D        | Reached XP level 20. HP: 114/114 MP: 0/0
    18 | D        | Killed a meat berserker
    19 | D        | Reached skill level 15 in Shields
    19 | D        | Reached skill level 15 in Unarmed Combat
    19 | D        | Reached skill level 15 in Invocations
    19 | D        | Reached skill level 15 in Evocations
    20 | D        | Noticed a large bag of meat
    20 | D        | Noticed a large bag of meat
    20 | D        | Killed a large bag of meat
    20 | D        | Killed a large bag of meat
    20 | D        | Noticed a large bag of meat
    21 | D        | Reached XP level 21. HP: 120/120 MP: 0/0
    21 | D        | Learned a level 7 spell: Malign Gateway
    21 | D        | Killed a large bag of meat
    21 | D        | Noticed a destroyer
    22 | D        | Reached skill level 15 in Maces & Flails
    22 | D        | Reached skill level 15 in Polearms
    22 | D        | Reached skill level 15 in Ranged Weapons
    22 | D        | Reached skill level 15 in Shapeshifting
    22 | D        | Reached XP level 22. HP: 125/125 MP: 0/0
    22 | D        | Killed a destroyer
    24 | D        | Noticed a meat berserker
    26 | D        | Noticed a large bag of meat
    27 | D        | Killed a meat berserker
    27 | D        | Killed a large bag of meat
    27 | D        | Noticed a meat berserker
    28 | D        | Reached XP level 23. HP: 130/130 MP: 0/0
    28 | D        | Learned a level 8 spell: Lehudib's Crystal Spear
    28 | D        | Noticed a destroyer
    28 | D        | Killed a destroyer
    28 | D        | Noticed a large bag of meat
    28 | D        | Noticed a large bag of meat
    29 | D        | Noticed The Servant
    30 | D        | Killed a large bag of meat
    30 | D        | Killed The Servant
    30 | D        | Noticed a large bag of meat
    31 | D        | Reached skill level 27 in Stealth
    31 | D        | Reached XP level 24. HP: 135/135 MP: 0/0
    31 | D        | Killed a large bag of meat
    32 | D        | Reached XP level 25. HP: 139/139 MP: 0/0
    32 | D        | Learned a level 9 spell: Polar Vortex
    32 | D        | Noticed a destroyer
    34 | D        | Noticed a large bag of meat
    34 | D        | Noticed a destroyer
    36 | D        | Noticed a large bag of meat
    36 | D        | Noticed a destroyer
    38 | D        | Noticed a destroyer
    39 | D        | Killed a destroyer
    39 | D        | Killed a large bag of meat
    39 | D        | Noticed a destroyer
    40 | D        | Reached XP level 26. HP: 130/145 MP: 0/0
    40 | D        | Killed a destroyer
    40 | D        | Killed a destroyer
    41 | D        | Reached skill level 27 in Shields
    41 | D        | Reached skill level 27 in Unarmed Combat
    41 | D        | Reached skill level 27 in Invocations
    41 | D        | Reached skill level 27 in Evocations
    41 | D        | Noticed a destroyer
    42 | D        | Killed a large bag of meat
    43 | D        | Reached XP level 27. HP: 134/149 MP: 0/0
    43 | D        | Learned a level 9 spell: Shatter
    43 | D        | Killed a destroyer
    43 | D        | Killed a destroyer
    44 | D        | Reached skill level 27 in Short Blades
    44 | D        | Reached skill level 27 in Long Blades
    44 | D        | Reached skill level 27 in Staves
    45 | D        | Noticed a destroyer
    46 | D        | Reached skill level 27 in Maces & Flails
    46 | D        | Reached skill level 27 in Polearms
    46 | D        | Reached skill level 27 in Ranged Weapons
    46 | D        | Reached skill level 27 in Shapeshifting
    46 | D        | Reached skill level 10 in Dodging
    46 | D        | Noticed a tyrant
    47 | D        | Killed a destroyer
    48 | D        | Noticed a tyrant
    49 | D        | Reached skill level 5 in Throwing
    52 | D        | Noticed a tyrant
    52 | D        | Killed a tyrant
    53 | D        | Reached skill level 27 in Dodging
    53 | D        | Killed a large bag of meat
    53 | D        | Killed a destroyer
    54 | D        | Reached skill level 27 in Fighting
    54 | D        | Reached skill level 15 in Throwing
    54 | D        | Reached skill level 27 in Armour
    54 | D        | Killed a tyrant
    55 | D        | Killed a tyrant
    56 | D        | Reached skill level 27 in Throwing
    61 | D        | Noticed a meat beast
    62 | D        | Killed a meat beast
    63 | D        | Noticed an accursed
    65 | D        | Noticed a dread
    65 | D        | Killed an accursed
    65 | D        | Killed a dread
    68 | D        | Noticed a destroyer
    69 | D        | Killed a destroyer
    70 | D        | Noticed a tyrant
    71 | D        | Killed a tyrant
    73 | D        | Noticed a destroyer
    74 | D        | Killed a destroyer
    78 | D        | Noticed a dread
    79 | D        | Killed a dread
    83 | D        | Noticed a dread
    84 | D        | Killed a dread
    85 | D        | Noticed a dread
    85 | D        | Noticed a destroyer
    86 | D        | Killed a destroyer
    86 | D        | Killed a dread
    91 | D        | Noticed an accursed
    91 | D        | Noticed a meat beast
    92 | D        | Killed an accursed
    92 | D        | Killed a meat beast
    94 | D        | Noticed a large bag of meat
    94 | D        | Killed a large bag of meat
    95 | D        | Noticed a meat beast
    95 | D        | Noticed a destroyer
    96 | D        | Killed a destroyer
    96 | D        | Killed a meat beast
    96 | D        | Noticed a dread
    97 | D        | Killed a dread
    97 | D        | Noticed a tyrant
    98 | D        | Killed a tyrant
    99 | D        | Noticed a tyrant
   100 | D        | Killed a tyrant
   101 | D        | Noticed a meat beast
   102 | D        | Killed a meat beast
   102 | D        | Noticed a meat beast
   103 | D        | Killed a meat beast
   107 | D        | Noticed a destroyer
   107 | D        | Noticed a tyrant
   108 | D        | Killed a destroyer
   108 | D        | Killed a tyrant
   110 | D        | Noticed a dread
   110 | D        | Noticed an accursed
   111 | D        | Killed an accursed
   111 | D        | Killed a dread
   111 | D        | Noticed a large bag of meat
   111 | D        | Noticed a meat beast
   112 | D        | Killed a meat beast
   112 | D        | Noticed a dread
   113 | D        | Killed a large bag of meat
   113 | D        | Killed a dread
   114 | D        | Noticed a dread
   114 | D        | Killed a dread
   114 | D        | Noticed a tyrant
   115 | D        | Killed a tyrant
   115 | D        | Noticed a meat beast
   115 | D        | Noticed a dread
   116 | D        | Killed a dread
   116 | D        | Killed a meat beast
   119 | D        | Noticed a fleshlord
   119 | D        | Noticed a fleshlord
   119 | D        | Killed a fleshlord
   119 | D        | Killed a fleshlord
   120 | D        | Noticed an accursed
   120 | D        | Noticed a tyrant
   121 | D        | Killed a tyrant
   121 | D        | Killed an accursed
   123 | D        | Noticed a fleshlord
   124 | D        | Killed a fleshlord
   124 | D        | Noticed a fleshlord
   125 | D        | Killed a fleshlord
   125 | D        | Noticed an accursed
   125 | D        | Noticed a destroyer
   126 | D        | Killed an accursed
   126 | D        | Killed a destroyer
   126 | D        | Noticed a fleshlord
   126 | D        | Noticed a destroyer
   127 | D        | Killed a destroyer
   127 | D        | Killed a fleshlord
   127 | D        | Noticed a large bag of meat
   128 | D        | Killed a large bag of meat
   128 | D        | Noticed a fleshlord
   128 | D        | Noticed a tyrant
   129 | D        | Killed a tyrant
   129 | D        | Killed a fleshlord
   129 | D        | Noticed a fleshlord
   129 | D        | Noticed a destroyer
   130 | D        | Killed a destroyer
   130 | D        | Killed a fleshlord
   130 | D        | Noticed an accursed
   131 | D        | Killed an accursed
   131 | D        | Noticed a fleshlord
   132 | D        | Killed a fleshlord
   134 | D        | Noticed a large bag of meat
   134 | D        | Noticed a destroyer
   135 | D        | Killed a large bag of meat
   135 | D        | Killed a destroyer
   135 | D        | Noticed an accursed
   135 | D        | Noticed a destroyer
   135 | D        | Noticed a fleshlord
   136 | D        | Killed an accursed
   136 | D        | Noticed a meat beast
   136 | D        | Noticed a dread
   137 | D        | Killed a fleshlord
   137 | D        | Killed a meat beast
   137 | D        | Killed a destroyer
   137 | D        | Killed a dread
   138 | D        | Noticed a meat beast
   138 | D        | Noticed a dread
   138 | D        | Noticed a meat beast
   139 | D        | Noticed a dread
   139 | D        | Killed a dread
   140 | D        | Noticed a dread
   141 | D        | Killed a meat beast
   141 | D        | Noticed a large bag of meat
   141 | D        | Noticed a tyrant
   141 | D        | Noticed a destroyer
   143 | D        | Killed a meat beast
   144 | D        | HP: 2/228 [dread/damnation (46)]
   145 | D        | Killed a dread
   145 | D        | Noticed a destroyer
   147 | D        | Killed a large bag of meat
   149 | D        | Noticed The Meatlord
   150 | D        | Killed a destroyer
   150 | D        | Killed a tyrant
   151 | D        | Noticed a meat beast
   151 | D        | Killed a destroyer
   151 | D        | Killed a dread
   152 | D        | Killed The Meatlord
   153 | D        | Killed a meat beast
   153 | D        | Noticed an accursed
   154 | D        | Noticed a destroyer
   154 | D        | Got the Orb of Zot
   155 | D        | Noticed a fleshlord
   156 | D        | Noticed a destroyer
   157 | D        | Noticed a meat beast
   157 | D        | Mangled by a destroyer

Illustrated notes

Levels and vault maps discovered:
D:        meatsprint

Skill      XL: |  1  2  3  4  5  6  7  8  9 10 11 12 13 14 15 16 17 18 19 20 21 22 23 24 25 26 27 |
---------------+----------------------------------------------------------------------------------+-----
Axes           | 21 24 26 27 | 27.0
Spellcasting   | 11 15 22 25 27 | 27.0
Conjurations   | 11 15 22 25 27 | 27.0
Hexes          | 11 15 22 25 27 | 27.0
Summonings     | 11 15 22 25 27 | 27.0
Necromancy     | 11 15 22 25 27 | 27.0
Translocations | 11 15 22 25 27 | 27.0
Fire Magic     | 11 15 22 25 27 | 27.0
Ice Magic      | 11 15 22 25 27 | 27.0
Air Magic      | 11 15 22 25 27 | 27.0
Earth Magic    | 11 15 22 25 27 | 27.0
Alchemy        | 11 15 22 25 27 | 27.0
Short Blades   | 8 11 13 16 17 19 20 22 24 26 27 | 27.0
Long Blades    | 8 11 13 16 17 19 20 22 24 26 27 | 27.0
Maces & Flails | 8 10 12 14 15 17 18 20 22 24 27 | 27.0
Polearms       | 8 10 12 14 15 17 18 20 22 24 27 | 27.0
Staves         | 8 11 13 16 17 19 20 22 24 26 27 | 27.0
Ranged Weapons | 8 10 12 14 15 17 18 20 22 24 27 | 27.0
Stealth        | 8 11 13 16 17 19 27 | 27.0
Shields        | 9 12 14 17 18 20 22 23 26 27 | 27.0
Unarmed Combat | 9 12 14 17 18 20 22 23 26 27 | 27.0
Invocations    | 9 12 14 17 18 20 22 23 26 27 | 27.0
Evocations     | 9 12 14 17 18 20 22 23 26 27 | 27.0
Shapeshifting  | 8 10 12 14 15 17 18 20 22 24 27 | 27.0
Fighting       | 27 | 27.0
Throwing       | 27 | 27.0
Armour         | 27 | 27.0
Dodging        | 27 | 27.0

Action                     |  1- 3 |  4- 6 |  7- 9 | 10-12 | 13-15 | 16-18 | 19-21 | 22-24 | 25-27 || total
---------------------------+-------+-------+-------+-------+-------+-------+-------+-------+-------++-------
  Melee: Executioner's axe |     1 |       |       |     1 |     8 |    12 |    16 |    20 |   248 ||   306
   Cast: Manifold Assault  |       |       |       |       |     2 |     3 |     4 |     5 |    80 ||    94
         Simulacrum        |       |       |       |       |       |       |       |     1 |       ||     1
 Armour: Leather armour    |       |       |       |       |       |     1 |       |       |    28 ||    29
  Dodge: Dodged            |       |       |       |       |     1 |       |       |       |     2 ||     3

Table legend: (Time is in decaauts)
 A = Elapsed time spent in this place.
 B = Non-inter-level travel time spent in this place.
 C = Inter-level travel time spent in this place.
 D = Time resting spent in this place.
 E = Time spent auto-exploring this place.
 F = Levels seen in this place.
 G = Mean time per level.
                   A        B        C        D        E       F      G
               +--------+--------+--------+--------+--------+-----+--------+
         Total |    129 |    129 |      0 |      0 |      0 |   1 |  129.0 |
       Dungeon |    129 |    129 |      0 |      0 |      0 |   1 |  129.0 |
               +--------+--------+--------+--------+--------+-----+--------+

Top non-repeatable levels by time:
       D: 129 daAuts
